 Dungeon Crawl Stone Soup version 0.30-a0-222-ge547ba4400 (webtiles) character file.

Game seed: 12122804644364932728

116 Aibolit the Chopper (level 5, 0/46 HPs)
             Began as a Hill Orc Fighter on Oct 8, 2022.
             Was a Follower of Beogh.
             Slain by Pikel
             ... wielding a +2 whip of flaming
              (1 damage)
             ... on level 4 of the Dungeon.
             The game lasted 00:04:14 (2072 turns).

Aibolit the Chopper (Hill Orc Fighter)              Turns: 2072, Time: 00:04:15

Health: 0/46       AC: 18    Str: 21    XL:     5   Next: 1%
Magic:  5/5        EV:  2    Int:  8    God:    Beogh [*.....]
Gold:   950        SH:  4    Dex: 10    Spells: 4/4 levels left

rFire   . . .      SeeInvis .    a - +0 war axe
rCold   . . .      Faith    .    c - +0 buckler
rNeg    . . .      Spirit   .    j - +1 crystal plate armour
rPois   .          Reflect  .    p - +0 helmet
rElec   .          Harm     .    (no cloak)
rCorr   .          Rampage  .    (no gloves)
Will    .....                    (no boots)
Stlth   ..........               n - amulet of magic regeneration
HPRegen 0.27/turn                (no ring)
MPRegen 0.49/turn                (no ring)

@: mighty
A: no striking features
a: Renounce Religion


You were on level 4 of the Dungeon.
You worshipped Beogh.
Beogh was aware of your devotion.
You visited 1 branch of the dungeon, and saw 4 of its levels.

You collected 950 gold pieces.

Inventory:

Hand Weapons
 a - a +0 war axe (weapon)
Armour
 c - a +0 buckler (worn)
 j - a +1 crystal plate armour (worn)
 p - a +0 helmet (worn)
Jewellery
 n - an amulet of magic regeneration (around neck)
 t - a ring of positive energy
Scrolls
 b - 3 scrolls of identify {unknown}
 f - a scroll of silence {unknown}
 k - 2 scrolls of enchant armour {unknown}
 l - a scroll of amnesia {unknown}
 m - a scroll of torment {unknown}
Potions
 d - a potion of might
 e - 2 potions of flight {unknown}
 g - 2 potions of brilliance {unknown}
 h - 2 potions of ambrosia {unknown}
 i - 2 potions of berserk rage {unknown}
 o - a potion of curing
 q - a potion of magic {unknown}
 r - a potion of mutation {unknown}
 s - a potion of haste {unknown}


   Skills:
 + Level 4.2 Fighting
 + Level 4.6 Axes
 + Level 4.0 Armour
 + Level 0.4 Dodging
 + Level 4.0 Shields


You had 4 spell levels left.
You didn't know any spells.
Your spell library was empty.

Dungeon Overview and Level Annotations

Branches:
Dungeon (4/15)
 Temple: D:4-7

Altars:
Gozag
Beogh

Shops:
D:4 *

Annotations:
D:4 Pikel


Message History

You barely miss Pikel.
Pikel is moderately wounded.
You closely miss the lemure. The lemure hits you but does no damage.
You block Pikel's attack.
You are too injured to fight recklessly!
You hit Pikel.
Pikel is moderately wounded.
You closely miss the lemure. Pikel barely misses you. The lemure hits you.
You block the lemure's attack. Pikel hits you but does no damage.
You are too injured to fight recklessly!
You hit Pikel.
Pikel is moderately wounded.
You hit the lemure. The lemure hits you.
* * * LOW HITPOINT WARNING * * *
Pikel completely misses you.
You are too injured to fight recklessly!
You hit Pikel.
Pikel is heavily wounded.
You hit the lemure.
You kill the lemure!
That felt strangely unrewarding.
Pikel barely misses you.
You are too injured to fight recklessly!
You are too injured to fight recklessly!
You feel better.
Pikel says, "Antaeus said I was his favorite kobold.
Me!"
Pikel hits you with a +2 whip of flaming.
* * * LOW HITPOINT WARNING * * *
Pikel burns you.
* * * LOW HITPOINT WARNING * * *
You closely miss Pikel.
Pikel is heavily wounded.
Pikel says, "You'll make a fine lemure."
Pikel hits you with a +2 whip of flaming.
* * * LOW HITPOINT WARNING * * *
Pikel burns you.
* * * LOW HITPOINT WARNING * * *
Pikel hits you with a +2 whip of flaming.
* * * LOW HITPOINT WARNING * * *
Pikel burns you.
You die...

... #.......#
....###.......#
≈≈≈≈≈..........#
.....≈≈≈≈...?...#
#≈.⌠.⌠....≈..?....#
#≈..∩..._......$..#
#≈.⌠.⌠....≈.......#
##≈.....≈≈≈≈...K...#
#.≈≈≈≈≈≈≈......@...#
#..................#
##..................#
....................#
....................#
...########.........#
...# #.....##### ...#
#.....# ...# #.....#


You could see Pikel.

Vanquished Creatures
  4 lemures (D:4)
  3 adders (D:2)
  A gnoll (D:1)
  A worm (D:3)
  3 dart slugs
  An orc (D:3)
  9 bats
  8 endoplasms
  4 giant cockroaches
  2 hobgoblins
  4 jackals (D:1)
  3 quokkas
  9 ball pythons
  7 frilled lizards
  4 goblins
  6 kobolds
  5 rats
74 creatures vanquished.

Vanquished Creatures (others)
  4 plants (D:3)
4 creatures vanquished.

Grand Total: 78 creatures vanquished

Notes
Turn   | Place    | Note
-------+----------+-------------------------------------------
     0 | D:1      | Aibolit the Hill Orc Fighter began the quest for the Orb.
     0 | D:1      | Reached XP level 1. HP: 19/19 MP: 1/1
    85 | D:1      | Reached XP level 2. HP: 27/27 MP: 2/2
   226 | D:1      | Reached XP level 3. HP: 33/33 MP: 3/3
   787 | D:1      | Identified 2 scrolls of acquirement
   787 | D:1      | Acquired 803 gold pieces
   789 | D:1      | Acquired a +1 crystal plate armour
  1061 | D:2      | Reached XP level 4. HP: 39/40 MP: 4/4
  1768 | D:3      | Found a faded altar of an unknown god.
  1892 | D:3      | Prayed at the altar of an unknown god.
  1892 | D:3      | Became a worshipper of Beogh the Brigand
  1892 | D:3      | Reached * piety under Beogh
  2015 | D:4      | Reached XP level 5. HP: 46/46 MP: 5/5
  2034 | D:4      | Found Gozag's Platinum Reserve.
  2035 | D:4      | Found an opulent altar of Gozag.
  2046 | D:4      | Noticed a lemure
  2049 | D:4      | Noticed Pikel
  2049 | D:4      | Noticed a lemure
  2049 | D:4      | Noticed a lemure
  2051 | D:4      | Noticed a lemure
  2059 | D:4      | Killed a lemure
  2063 | D:4      | Killed a lemure
  2064 | D:4      | Killed a lemure
  2070 | D:4      | Killed a lemure
  2072 | D:4      | HP: 1/46 [Pikel/+2 whip of flaming (3)]
  2072 | D:4      | Slain by Pikel

Illustrated notes

Levels and vault maps discovered:
D:1:      spicycebolla_arrival_transporter_tutorial, layout_loops_ring,
          minmay_cupped
D:2:      layout_basic, dreamdust_princess_bridge
D:3:      layout_rooms, shapermc_ecumenical_altar_hornbeckon
D:4:      layout_basic, nicolae_gozag_zags_fifth_avenue,
          nemelex_xobeh_ov_fountains_minmay, uniq_pikel

Skill      XL: |  1  2  3  4 |
---------------+-------------+-----
Fighting       | 4 |  4.2
Axes           | 3 4 |  4.6
Shields        | 4 |  4.0
Armour         | 4 |  4.0
Dodging        | |  0.4

Action                   |  1- 3 |  4- 6 || total
-------------------------+-------+-------++-------
Melee: War axe           |   101 |    99 ||   200
  Use: Scroll            |     2 |       ||     2
       Potion            |       |     2 ||     2
Armor: Scale mail        |    58 |       ||    58
       Crystal plate arm |     5 |    95 ||   100
Dodge: Dodged            |    44 |    18 ||    62
Block: Buckler           |    22 |    31 ||    53

Table legend: (Time is in decaauts)
 A = Elapsed time spent in this place.
 B = Non-inter-level travel time spent in this place.
 C = Inter-level travel time spent in this place.
 D = Time resting spent in this place.
 E = Time spent auto-exploring this place.
 F = Levels seen in this place.
 G = Mean time per level.
                   A        B        C        D        E       F      G
               +--------+--------+--------+--------+--------+-----+--------+
         Total |   2159 |   1991 |    168 |      0 |   1492 |   4 |  539.8 |
       Dungeon |   2159 |   1991 |    168 |      0 |   1492 |   4 |  539.8 |
               +--------+--------+--------+--------+--------+-----+--------+

Top non-repeatable levels by time:
     D:1: 838 daAuts
     D:2: 699 daAuts
     D:3: 526 daAuts
     D:4: 95 daAuts
